 Dungeon Crawl Stone Soup version 0.31-a0-259-g771a54ca4b (webtiles) character file.

Game seed: 6951347489591045001

11764 qw the Skirmisher (level 11, -1/71 HPs)
             Began as a Gargoyle Hexslinger on July 13, 2023.
             Was an Elder of Okawaru.
             Slain by an orange demon (8 damage)
             ... led by Amaemon
             ... on level 1 of the Lair of Beasts.
             The game lasted 00:04:47 (7926 turns).

qw the Skirmisher (Gargoyle Hexslinger)             Turns: 7926, Time: 00:04:47

Health: -1/71      AC: 18    Str: 16    XL:     11   Next: 82%
Magic:  18/18      EV: 17    Int: 19    God:    Okawaru [****..]
Gold:   397        SH:  5    Dex: 18    Spells: 11/12 levels left

rFire   . . .        Y - +2 sling (drain)
rCold   + . .        (no shield)
rNeg    + . .        d - +2 robe "Umeo" {Dex+3}
rPois   inf          m - +1 helmet
rElec   +            e - +2 cloak
rCorr   .            (no gloves)
SInv    .            (no boots)
Will    .....        j - amulet of reflection
Stlth   +++          q - ring of protection from cold
HPRegen 0.31/turn    g - +6 ring of strength
MPRegen 0.16/turn

%: reflection
@: about to teleport, heroic
A: sickness immunity, AC +8, negative energy resistance 1, electricity
resistance, torment resistance 1, petrification resistance, hooves 1, clever 1,
sense surroundings 1
a: Renounce Religion, Heroism, Finesse


You were on level 1 of the Lair of Beasts.
You worshipped Okawaru.
Okawaru was greatly pleased with you.
You visited 3 branches of the dungeon, and saw 10 of its levels.
You also visited: Sewer.

You collected 397 gold pieces.


Innate Abilities, Weirdness & Mutations

You are immune to sickness and miasma.
Your stone body is resilient. (AC +8)
You are immune to poison.
You resist negative energy. (rN+)
You are resistant to electric shocks. (rElec)
You are resistant to unholy torment.
You are immune to petrification.
You have large cloven feet.
Your mind is acute. (Int +4, Str/Dex -1)
You passively map a small area around you.


   Skills:
 - Level 9.1(14.1) Fighting
 + Level 13.5(18.5) Ranged Weapons
 - Level 5.5(10.5) Armour
 - Level 4.1(9.1) Dodging
 - Level 1.0 Spellcasting
 - Level 2.6 Hexes
 - Level 10.0 Invocations


You had 11 spell levels left.
You knew the following spells:

 Your Spells              Type           Power      Damage    Failure   Level
a - Slow                  Hex            44%        N/A       6%          1

Your spell library contained the following spells:

 Spells                   Type           Power      Damage    Failure   Level
 Inner Flame              Hex/Fire       6%         N/A       32%         3
 Portal Projectile        Hex/Tloc       12%        N/A       32%         3
 Cause Fear               Hex            5%         N/A       52%         4

Inventory:

Hand Weapons
 l - a +1 sling of flaming
 Y - a +2 sling of draining (weapon)
Armour
 d - the +2 robe "Umeo" (worn) {Dex+3}
   (You found it on level 2 of the Dungeon)

   Dex:       It affects your dexterity (+3).
 e - a +2 cloak (worn)
 m - a +1 helmet (worn)
Jewellery
 g - a +6 ring of strength (right hand)
 j - an amulet of reflection (around neck)
 q - a ring of protection from cold (left hand)
 r - a ring of positive energy
Scrolls
 b - a scroll of identify
Potions
 a - a potion of cancellation {unknown}
 c - 3 potions of might
 f - 2 potions of curing
 k - a potion of resistance
 o - a potion of mutation
 p - a potion of magic {unknown}

Dungeon Overview and Level Annotations

Branches:
Dungeon (8/15)             Temple (1/1) D:4            Lair (1/5) D:8
  Sewer (visited)

Altars:
Cheibriados
Dithmenos
Elyvilon
Fedhas
Gozag
Hepliaklqana
Kikubaaqudgha
Makhleb
Nemelex Xobeh
Okawaru
Qazlal
Ru
Sif Muna
Trog
Uskayaw
Vehumet
Wu Jian
Xom
Yredelemnul
Zin
The Shining One

Annotations:
Lair:1 Amaemon


Message History

7923 ||| READING scroll of teleportation.
As you read the scroll of teleportation, it crumbles to dust.
You feel strangely unstable.
The hell rat bites you but does no damage.
The hell rat closely misses you.
Amaemon points at the cane toad and mumbles some strange words.
The cane toad seems to grow toxic.
A river rat comes into view.
The orange demon stings you but does no damage.
The hell rat completely misses you. The hell rat misses you.
The cane toad stings you.
The hell rat bites you but does no damage.
You block the hell rat's attack.
7924 ||| DRINKING potion of heal wounds.
You feel much better.
The hell rat bites you but does no damage.
Amaemon hits you with a +0 demon whip of venom.
Amaemon claws you but does no damage. Amaemon misses you.
The hell rat barely misses you. The hell rat closely misses you.
You block the orange demon's attack.
The cane toad stings you but does no damage.
The hell rat bites you. x2; The hell rat barely misses you.
You shoot a sling bullet.
The sling bullet hits Amaemon but does no damage.
You drain Amaemon.
Amaemon is heavily wounded.
The hell rat bites you but does no damage.
The hell rat closely misses you. Amaemon barely misses you.
You block Amaemon's attack. Amaemon barely misses you.
The orange demon closely misses you. You block the cane toad's attack.
The hell rat completely misses you. x2
You shoot a sling bullet.
The sling bullet hits Amaemon but does no damage.
Amaemon is heavily wounded.
The hell rat bites you. The hell rat barely misses you.
The hell rat bites you! x2
The cane toad stings you.
A river rat comes into view.
Amaemon barely misses you. Amaemon claws you. Amaemon closely misses you.
The orange demon stings you from afar!
You die...

#........#.%...#
*
#.....####%%...#
*##...# #......#
#### #......#
#.....## ##....#
##....####
#....r6..#### *
##..r@F4....### ,
#..rrrr......## ,
,
#...rrr.......###
, *
##..............#
,
#...............*
* *
#...####r##.....
##..# ##r##,....
######.#.# , # *
#.#.##


You could see Amaemon (very drained), an orange demon (curare), a cane toad
(curare), 7 hell rats, 3 river rats and a rat.

Vanquished Creatures
  A death yak (Lair:1)
  Pikel (D:4)
  A torpor snail (Lair:1)
  4 cane toads
  3 komodo dragons (Lair:1)
  Grinder (D:4)
  Prince Ribbit (D:7)
  A wyvern (D:8)
  8 yaks
  4 basilisks
  A steam dragon (D:6)
  3 water moccasins
  2 orc warriors
  Pargi (Sewer)
  A sky beast (D:7)
  An ice beast (D:5)
  2 black bears
  An ogre (D:6)
  3 wolves (Lair:1)
  4 lemures (D:4)
  2 phantoms
  A kobold brigand (D:7)
  2 scorpions
  10 bullfrogs
  5 wights (D:8)
  12 killer bees (D:7)
  An electric eel (D:6)
  2 howler monkeys (D:7)
  A hound (D:6)
  4 jellies
  3 orc priests
  3 gnoll boudas
  Jessica (D:3)
  5 iguanas
  2 sleepcaps
  10 orc wizards
  A hell rat (Lair:1)
  Robin (D:4)
  20 gnolls
  A river rat (Lair:1)
  10 adders
  A shadow imp (D:8)
  2 white imps (D:7)
  An ufetubus (D:5)
  2 worms (D:2)
  3 dart slugs
  28 orcs
  9 ball pythons
  6 endoplasms
  5 giant cockroaches
  11 goblins
  12 hobgoblins
  7 jackals
  12 quokkas
  5 bats
  13 frilled lizards
  A goblin zombie (D:4)
  13 kobolds
  4 rats
  A rat zombie (D:4)
  A butterfly (D:8)
278 creatures vanquished.

Notes
Turn   | Place    | Note
-------+----------+-------------------------------------------
     0 | D:1      | qw the Gargoyle Hexslinger began the quest for the Orb.
     0 | D:1      | Reached XP level 1. HP: 12/12 MP: 2/2
     0 | D:1      | 0 ||| qw: Version: 0.3-a-52-g30416fa
     0 | D:1      | 0 ||| qw: Game counter: 6936
     0 | D:1      | 0 ||| qw: Melee chars always use a shield: true
     0 | D:1      | 0 ||| qw: God list: Okawaru
     0 | D:1      | 0 ||| qw: Allow faded altars: false
     0 | D:1      | 0 ||| qw: Do Orc after clearing Dungeon:15 true
     0 | D:1      | 0 ||| qw: Do second Lair branch before Depths: true
     0 | D:1      | 0 ||| qw: Lair rune preference: random
     0 | D:1      | 0 ||| qw: Goals: Normal
     0 | D:1      | 0 ||| PLANNING D:1-11
   245 | D:1      | Reached XP level 2. HP: 16/16 MP: 3/3
   276 | D:1      | Reached skill level 3 in Ranged Weapons
   394 | D:1      | Reached XP level 3. HP: 21/21 MP: 4/4
   701 | D:1      | 701 ||| READING scroll labelled TIPOSIDAIF.
   702 | D:1      | 702 ||| READING 2 scrolls labelled MUZEAKHLU JAS CUTT.
   703 | D:1      | 703 ||| READING scroll labelled UGOUFEB LEIMICKONO.
   717 | D:1      | 717 ||| READING scroll labelled YFAOFI BOLOAL.
   718 | D:1      | 718 ||| READING scroll labelled RUORRO GAROCZO.
   719 | D:1      | 719 ||| DROPPING scroll of poison.
   720 | D:1      | 720 ||| DROPPING scroll of amnesia.
   782 | D:2      | 782 ||| STAIRDANCE
   821 | D:2      | Identified the +4 whip "Ovaseodajo" {protect, *Corrode
                  | Str+3 Dex+3}
   886 | D:2      | Reached skill level 4 in Ranged Weapons
   886 | D:2      | Reached XP level 4. HP: 26/26 MP: 5/5
   926 | D:2      | Identified the +2 robe "Umeo" {Dex+3}
  1140 | D:2      | 1140 ||| FLEEEEING.
  1336 | D:2      | 1336 ||| UPGRADING to +2 robe "Umeo" {Dex+3}.
  1346 | D:2      | 1346 ||| DROPPING +0 robe.
  1347 | D:2      | 1347 ||| UPGRADING to +0 cloak.
  1352 | D:2      | 1352 ||| UPGRADING to ring of positive energy.
  1353 | D:2      | 1353 ||| DRINKING 3 yellow potions.
  1354 | D:2      | 1354 ||| DROPPING 2 potions of degeneration.
  1390 | D:3      | Reached XP level 5. HP: 21/30 MP: 6/6
  1390 | D:3      | 1390 ||| STAIRDANCE
  1432 | D:3      | 1432 ||| STAIRDANCE
  1440 | D:2      | Reached skill level 5 in Ranged Weapons
  1848 | D:3      | Noticed Jessica
  1851 | D:3      | Killed Jessica
  1852 | D:3      | Reached skill level 3 in Fighting
  2350 | D:3      | 2350 ||| UPGRADING to amulet of reflection.
  2355 | D:3      | 2355 ||| UPGRADING to +6 ring of strength.
  2356 | D:3      | 2356 ||| READING 2 scrolls labelled USUZAC YPHILISM.
  2357 | D:3      | 2357 ||| READING scroll of enchant armour.
  2357 | D:3      | 2357 ||| ENCHANTING +0 cloak.
  2358 | D:3      | 2358 ||| DRINKING 3 silvery potions.
  2359 | D:3      | 2359 ||| READING 2 scrolls of identify.
  2359 | D:3      | 2359 ||| IDENTIFYING amethyst potion
  2422 | D:4      | 2422 ||| PLANNING SEWER
  2434 | D:4      | Reached XP level 6. HP: 37/37 MP: 7/7
  2490 | D:4      | Found a glowing drain.
  2505 | Sewer    | Entered a sewer
  2521 | Sewer    | Noticed Pargi
  2522 | Sewer    | 2522 ||| Stepping ~*~*~tactically~*~*~ (water).
  2534 | Sewer    | Killed Pargi
  2535 | Sewer    | Reached skill level 6 in Ranged Weapons
  2546 | Sewer    | 2546 ||| Stepping ~*~*~tactically~*~*~ (water).
  2579 | Sewer    | 2579 ||| READING scroll of enchant armour.
  2579 | Sewer    | 2579 ||| ENCHANTING +1 cloak.
  2601 | Sewer    | 2601 ||| Stepping ~*~*~tactically~*~*~ (water).
  2642 | Sewer    | 2642 ||| READING scroll labelled GYFEMU VAOTEAN.
  2643 | Sewer    | 2643 ||| READING 2 scrolls labelled TATOXTASHA.
  2644 | Sewer    | 2644 ||| DROPPING scroll of fear.
  2650 | D:4      | 2650 ||| PLANNING OSSUARY
  2681 | D:4      | 2681 ||| Stepping ~*~*~tactically~*~*~ (outnumbered).
  2684 | D:4      | 2684 ||| Stepping ~*~*~tactically~*~*~ (outnumbered).
  2687 | D:4      | 2687 ||| Stepping ~*~*~tactically~*~*~ (outnumbered).
  2719 | D:4      | 2719 ||| Stepping ~*~*~tactically~*~*~ (outnumbered).
  2722 | D:4      | 2722 ||| Stepping ~*~*~tactically~*~*~ (outnumbered).
  2724 | D:4      | 2724 ||| Stepping ~*~*~tactically~*~*~ (outnumbered).
  2741 | D:4      | Reached XP level 7. HP: 36/43 MP: 8/8
  2879 | D:4      | Noticed Grinder
  2898 | D:4      | Killed Grinder
  2899 | D:4      | Reached skill level 7 in Ranged Weapons
  2977 | D:4      | Found a staircase to the Ecumenical Temple.
  3023 | D:4      | Noticed Robin
  3042 | D:4      | Killed Robin
  3051 | D:4      | 3051 ||| RIP OSSUARY
  3054 | D:4      | 3054 ||| PLANNING TEMPLE
  3054 | D:4      | 3054 ||| READING scroll labelled MIUCAAR PAXZAYQUA.
  3061 | D:4      | 3061 ||| READING scroll labelled QUT SOHILONYDO.
  3094 | Temple   | Entered the Ecumenical Temple
  3166 | Temple   | 3166 ||| PLANNING OKAWARU WORSHIP
  3289 | Temple   | Became a worshipper of Warmaster Okawaru
  3290 | Temple   | 3290 ||| PLANNING D:1-11
  3444 | D:4      | Found a stormy altar of Qazlal.
  3642 | D:4      | 3642 ||| UPGRADING to +0 helmet.
  3647 | D:4      | 3647 ||| READING 2 scrolls of identify.
  3647 | D:4      | 3647 ||| IDENTIFYING sapphire potion
  3666 | D:4      | Noticed Pikel
  3691 | D:4      | Killed Pikel
  3691 | D:4      | Reached * piety under Okawaru
  3692 | D:4      | Reached XP level 8. HP: 27/48 MP: 9/9
  3692 | D:4      | 3692 ||| Stepping ~*~*~tactically~*~*~ (cloud).
  3771 | D:5      | Entered Level 5 of the Dungeon
  3772 | D:5      | 3772 ||| INVOKING Heroism.
  3780 | D:5      | Reached skill level 1 in Invocations
  3893 | D:5      | Reached skill level 8 in Ranged Weapons
  3935 | D:5      | Reached ** piety under Okawaru
  3966 | D:5      | Reached skill level 3 in Invocations
  4304 | D:5      | Reached XP level 9. HP: 53/54 MP: 11/11
  4318 | D:5      | 4318 ||| INVOKING Heroism.
  4397 | D:5      | 4397 ||| UPGRADING to ring of protection from cold.
  4399 | D:5      | 4399 ||| READING scroll labelled ULINAPN OBUSEVI.
  4400 | D:5      | 4400 ||| READING scroll labelled USEYHIEQIO.
  4401 | D:5      | 4401 ||| DRINKING 2 fizzy white potions.
  4401 | D:5      | Gained mutation: You passively map a small area around you.
                  | [potion of mutation]
  4401 | D:5      | Gained mutation: You have large cloven feet. [potion of
                  | mutation]
  4401 | D:5      | Gained mutation: Your mind is acute. (Int +4, Str/Dex -1)
                  | [potion of mutation]
  4402 | D:5      | 4402 ||| READING 4 scrolls of identify.
  4402 | D:5      | 4402 ||| IDENTIFYING fizzy inky potion
  4403 | D:5      | 4403 ||| READING 3 scrolls of identify.
  4403 | D:5      | 4403 ||| IDENTIFYING fizzy emerald potion
  4404 | D:5      | 4404 ||| READING 2 scrolls of identify.
  4404 | D:5      | 4404 ||| IDENTIFYING cyan potion
  4405 | D:5      | 4405 ||| DRINKING potion of experience.
  4405 | D:5      | Reached skill level 11 in Ranged Weapons
  4405 | D:5      | Reached XP level 10. HP: 59/59 MP: 11/17
  4445 | D:5      | 4445 ||| DROPPING potion of brilliance.
  4482 | D:6      | 4482 ||| INVOKING Heroism.
  4511 | D:6      | 4511 ||| INVOKING Heroism.
  4516 | D:6      | 4516 ||| Stepping ~*~*~tactically~*~*~ (cloud).
  4737 | D:6      | 4737 ||| INVOKING Heroism.
  4748 | D:6      | Reached skill level 6 in Fighting
  4843 | D:6      | Reached skill level 3 in Dodging
  4870 | D:6      | Found a radiant altar of Vehumet.
  5158 | D:6      | Found a shimmering blue altar of Sif Muna.
  5267 | D:6      | 5267 ||| READING scroll labelled ANISUZ QIASCHUNK.
  5268 | D:6      | 5268 ||| READING scroll labelled JUBRUQO ROXIME.
  5269 | D:6      | 5269 ||| READING 2 scrolls of identify.
  5269 | D:6      | 5269 ||| IDENTIFYING metallic black potion
  5270 | D:6      | 5270 ||| DROPPING potion of ambrosia.
  5323 | D:7      | Found a shadowy altar of Dithmenos.
  5366 | D:7      | 5366 ||| INVOKING Heroism.
  5416 | D:7      | Reached *** piety under Okawaru
  5474 | D:7      | Noticed Prince Ribbit
  5495 | D:7      | Killed Prince Ribbit
  5702 | D:7      | 5702 ||| INVOKING Heroism.
  5869 | D:7      | 5869 ||| Stepping ~*~*~tactically~*~*~ (outnumbered).
  5963 | D:7      | 5963 ||| INVOKING Heroism.
  5965 | D:7      | 5965 ||| Stepping ~*~*~tactically~*~*~ (outnumbered).
  5969 | D:7      | 5969 ||| Stepping ~*~*~tactically~*~*~ (outnumbered).
  6012 | D:7      | 6012 ||| READING 2 scrolls labelled IMUFRA LICU.
  6013 | D:7      | 6013 ||| DROPPING scroll of vulnerability.
  6098 | D:8      | 6098 ||| INVOKING Heroism.
  6099 | D:8      | 6099 ||| DRINKING 2 potions of curing.
  6099 | D:8      | 6099 ||| (to cure confusion)
  6283 | D:8      | 6283 ||| Stepping ~*~*~tactically~*~*~ (outnumbered).
  6290 | D:8      | 6290 ||| DRINKING potion of curing.
  6290 | D:8      | 6290 ||| (to cure confusion)
  6291 | D:8      | 6291 ||| FLEEEEING.
  6300 | D:8      | Reached XP level 11. HP: 63/68 MP: 18/18
  6302 | D:8      | Reached skill level 12 in Ranged Weapons
  6474 | D:8      | Found a staircase to the Lair.
  6505 | D:8      | Found a basalt altar of Yredelemnul.
  6520 | D:8      | 6520 ||| INVOKING Heroism.
  6522 | D:8      | 6522 ||| Stepping ~*~*~tactically~*~*~ (outnumbered).
  6669 | D:8      | Found a white marble altar of Elyvilon.
  6809 | D:8      | 6809 ||| PLANNING LAIR
  6846 | Lair:1   | Entered Level 1 of the Lair of Beasts
  6849 | Lair:1   | 6849 ||| INVOKING Heroism.
  6867 | Lair:1   | 6867 ||| STAIRDANCE
  6874 | D:8      | HP: 16/68 [cane toad (9)]
  6875 | D:8      | 6875 ||| READING 2 scrolls of teleportation.
  6876 | D:8      | 6876 ||| DRINKING 2 potions of heal wounds.
  6994 | D:8      | 6994 ||| INVOKING Heroism.
  7176 | Lair:1   | Noticed a death yak
  7177 | Lair:1   | 7177 ||| INVOKING Heroism.
  7195 | Lair:1   | Killed a death yak
  7195 | Lair:1   | Reached **** piety under Okawaru
  7208 | Lair:1   | 7208 ||| INVOKING Heroism.
  7210 | Lair:1   | Reached skill level 13 in Ranged Weapons
  7375 | Lair:1   | 7375 ||| INVOKING Heroism.
  7522 | Lair:1   | 7522 ||| INVOKING Heroism.
  7535 | Lair:1   | Reached skill level 9 in Fighting
  7693 | Lair:1   | 7693 ||| INVOKING Heroism.
  7867 | Lair:1   | 7867 ||| READING scroll of enchant armour.
  7867 | Lair:1   | 7867 ||| ENCHANTING +0 helmet.
  7886 | Lair:1   | 7886 ||| FLEEEEING.
  7892 | Lair:1   | 7892 ||| FLEEEEING.
  7893 | Lair:1   | 7893 ||| FLEEEEING.
  7894 | Lair:1   | 7894 ||| FLEEEEING.
  7895 | Lair:1   | 7895 ||| FLEEEEING.
  7896 | Lair:1   | Noticed Amaemon
  7897 | Lair:1   | 7897 ||| INVOKING Heroism.
  7922 | Lair:1   | HP: 17/71 [cane toad (4)]
  7923 | Lair:1   | 7923 ||| READING scroll of teleportation.
  7924 | Lair:1   | 7924 ||| DRINKING potion of heal wounds.
  7926 | Lair:1   | HP: 8/71 [cane toad (1)]
  7926 | Lair:1   | Slain by an orange demon

Levels and vault maps discovered:
D:1:      dpeg_arrival_three_same_balls, layout_loops_cross,
          amcnicky_mini_corridor_feature, minmay_tall_x
D:2:      layout_rooms
D:3:      layout_loops_corners, uniq_jessica
D:4:      layout_rooms, mainiacjoe_overflow_alcove_2,
          minmay_temple_entry_nine_rooms, enter_ossuary_4, portal_sewer_entry_f,
          hangedman_decor_lopped, uniq_pikel, uniq_robin, uniq_grinder
D:5:      layout_basic
D:6:      layout_loops_ring, led_sif_pool, nicolae_vehumet_radiance,
          fountainhead, uniq_crazy_yiuf_cottage
D:7:      layout_basic, mainiacjoe_overflow_alcove_1, uniq_prince_ribbit1
D:8:      layout_cave_pools, kennysheep_mini, nicolae_elyvilon_peaceful_grove,
          david_lair_generic
Temple:   bh_familiar_temple
Lair:1:   lemuel_ratsnest, layout_cave_pods, lemuel_fruit_fields, uniq_amaemon

Skill      XL: |  1  2  3  4  5  6  7  8  9 10 11 |
---------------+----------------------------------+-----
Ranged Weapons | 3 4 5 6 7 8 11 13 | 13.5
Fighting       | 2 3 4 5 8 9 |  9.1
Dodging        | 2 3 4 |  4.1
Armour         | 5 |  5.5
Invocations    | 3 10 | 10.0
Spellcasting   | |  1.0
Hexes          | |  2.6

Action                     |  1- 3 |  4- 6 |  7- 9 | 10-12 || total
---------------------------+-------+-------+-------+-------++-------
   Fire: Sling             |    86 |   219 |   224 |   696 ||  1225
 Invoke: Heroism           |       |       |     2 |    16 ||    18
    Use: Scroll            |     5 |     6 |     8 |     7 ||    26
         Potion            |       |     2 |     2 |     4 ||     8
 Armour: Robe              |    16 |    55 |    54 |   176 ||   301
  Dodge: Dodged            |    25 |    86 |    73 |   318 ||   502
  Block: Other             |       |    11 |    21 |    89 ||   121
         Reflection        |       |       |     1 |     2 ||     3

Table legend:
 A = Non-vault XP
 B = Vault XP
 C = Vault XP percentage of total XP
 D = Non-vault monster count
 E = Vault monster count
 F = Vault count percentage of total count
                 A         B        C        D         E       F
            +---------+---------+-------+---------+---------+-------
      Total |   12032 |    2347 |  16.3 |     226 |      47 |  17.2
            +---------+---------+-------+---------+---------+-------
        D:1 |      39 |      10 |  20.4 |      22 |       4 |  15.4
        D:2 |     147 |       0 |   0.0 |      27 |       0 |   0.0
        D:3 |      77 |      37 |  32.5 |      26 |       1 |   3.7
        D:4 |     295 |    1010 |  77.4 |      20 |      22 |  52.4
        D:5 |     714 |       0 |   0.0 |      15 |       0 |   0.0
        D:6 |    1394 |       0 |   0.0 |      17 |       0 |   0.0
        D:7 |    1964 |     268 |  12.0 |      43 |       1 |   2.3
        D:8 |    1760 |     815 |  31.7 |      34 |       4 |  10.5
     Lair:1 |    5642 |      49 |   0.9 |      22 |       4 |  15.4
      Sewer |       0 |     158 | 100.0 |       0 |      11 | 100.0
            +---------+---------+-------+---------+---------+-------
